AoeStats
← bullseyes

Black Forest

506084807Analyzed
4v4 RM · 21d ago on Sep 12, 2026· 38m 59s· 8 players
Game mode
Random Map
Map size
Large (8 player)
Population
200
Speed
Normal
Resources
Standard
Victory
Conquest
Starting age
Dark Age
Ending age
Imperial Age
RankedLock teamsTeams togetherTeam positionsShared explorationLock speedFull tech treeHidden civsTurbo modeCheats
Victory
Defeat
🇲🇽 Mongols · Mexico
1736
+10
🇩🇿 Portuguese · Algeria
1728
+10
🇧🇪 Sicilians · Belgium
1525
+18
🇨🇳 Aztecs · China
1517
+18
1642
-16
🇨🇳 Koreans · China
1615
-15
🇨🇳 Maya · China
1550
-13
🇻🇳 Tatars · Vietnam
1524
-12
Allen
0:54 Loom
11:10 Feudal Age
14:32 Fletching
24:48 Castle Age
28:15 Bodkin Arrow
3∅∰©Ψ H̵͎̄ẽ̵̝ ̵
13:18 Feudal Age
16:24 Double-Bit Axe
18:51 Castle Age
20:05 Bow Saw
21:01 Fishing Lines
22:14 Gillnets
23:15 Wheelbarrow
22:37 Stone Mining
22:36 Light Cavalry
25:25 Scale Barding Armor
25:37 Hand Cart
25:45 Loom
26:34 Horse Collar
28:35 Heavy Plow
31:54 Imperial Age
30:55 Anarchy
30:57 Gold Mining
31:52 Scale Mail Armor
32:02 Forging
32:34 Squires
32:51 Chain Mail Armor
33:02 Conscription
34:10 Iron Casting
33:03 Elite Huskarl
VNS_MZ
2:05 Loom
14:43 Feudal Age
18:41 Castle Age
18:06 Man-at-Arms
22:05 Double-Bit Axe
22:00 Horse Collar
24:21 Wheelbarrow
28:52 Bloodlines
28:50 Scale Barding Armor
28:57 Bow Saw
28:50 Heavy Plow
32:27 Imperial Age
30:29 Chain Barding Armor
30:12 Husbandry
31:21 Forging
32:34 Elite Steppe Lancer
36:44 Plate Barding Armor
歪歪老登
0:33 Loom
11:47 Feudal Age
15:27 Castle Age
13:29 Double-Bit Axe
15:02 Fishing Lines
16:45 Wheelbarrow
16:59 Bow Saw
18:12 Gillnets
23:34 Gold Mining
23:35 Stone Mining
28:01 Imperial Age
26:43 Fletching
26:54 Padded Archer Armor
27:39 Ballistics
27:58 Hand Cart
28:39 Bodkin Arrow
29:45 Chemistry
29:56 Two-Man Saw
29:42 Bracer
30:21 Leather Archer Armor
32:04 Ring Archer Armor
32:43 Elite Plumed Archer
33:51 Thumb Ring
35:50 Conscription
37:12 Treadmill Crane
37:43 Masonry
37:53 Capped Ram
MooN | MooN
11:36 Feudal Age
15:17 Castle Age
13:39 Double-Bit Axe
13:34 Horse Collar
16:08 Fishing Lines
16:40 Bow Saw
20:20 Medium Warships
21:42 Loom
24:30 Wheelbarrow
23:41 Town Watch
24:23 Gillnets
28:54 Imperial Age
26:18 Stone Mining
26:19 Gold Mining
27:45 Stone Shaft Mining
28:42 Gold Shaft Mining
29:12 Coinage
28:43 Caravan
29:39 Fletching
30:50 Chemistry
29:56 Siege Engineers
30:03 Masonry
31:14 Bodkin Arrow
31:41 Ballistics
31:47 Drill
31:49 Conscription
31:38 Nomads
32:09 Banking
31:34 Capped Ram
32:19 Bracer
32:20 Padded Archer Armor
32:43 Elite Mangudai
34:35 Leather Archer Armor
34:33 Bloodlines
34:23 Husbandry
34:30 Thumb Ring
34:56 Parthian Tactics
35:18 Heavy Plow
34:53 Siege Ram
35:52 Onager
37:22 Hoardings
37:22 Hand Cart
37:32 Siege Onager
󠀡󠀡
3:07 Loom
11:44 Feudal Age
16:20 Castle Age
14:41 Double-Bit Axe
22:51 Sanctity
22:42 Fervor
23:22 Wheelbarrow
23:53 Redemption
30:47 Imperial Age
28:21 Gold Mining
31:47 Block Printing
34:22 Bow Saw
35:46 Theocracy
bullseyes
11:21 Feudal Age
12:41 Double-Bit Axe
15:05 Castle Age
13:15 Fishing Lines
16:08 Bow Saw
16:14 Horse Collar
19:41 Loom
20:40 Gillnets
22:17 Wheelbarrow
23:42 Hand Cart
23:22 Gold Mining
23:23 Stone Mining
24:19 Heavy Plow
25:12 Gold Shaft Mining
28:46 Imperial Age
27:15 Ballistics
27:06 Masonry
26:52 Murder Holes
27:26 First Crusade
27:19 Squires
27:05 Arson
27:44 Fletching
27:55 Scale Mail Armor
28:05 Forging
28:49 Capped Ram
29:40 Siege Engineers
29:02 Onager
29:48 Siege Ram
30:48 Chain Mail Armor
32:49 Plate Mail Armor
32:55 Iron Casting
32:15 Bodkin Arrow
32:09 Arrowslits
33:03 Conscription
32:30 Elite Serjeant
33:31 Caravan
35:22 Blast Furnace
35:02 Siege Onager
38:24 Hoardings
38:58 Chemistry
海的盒子
10:52 Feudal Age
9:59 Loom
12:30 Double-Bit Axe
16:28 Castle Age
15:56 Fishing Lines
17:25 Bow Saw
20:47 Wheelbarrow
20:06 Stone Mining
20:15 Gillnets
22:21 Horse Collar
25:31 Gold Mining
29:45 Imperial Age
27:44 Scale Mail Armor
28:22 Hand Cart
29:08 Gold Shaft Mining
29:11 Stone Shaft Mining
28:48 Forging
29:29 Eagle Warrior
30:10 Squires
30:27 Chain Mail Armor
30:52 Conscription
30:48 Heavy Plow
31:31 Iron Casting
31:24 Elite Eagle Warrior
32:14 Caravan
33:09 Plate Mail Armor
33:19 Garland Wars
35:35 Blast Furnace
36:10 Fletching
37:39 Bodkin Arrow
38:12 Town Watch
Connection lost

Rejoining the realm…

Still unreachable

The connection could not be restored.

Session expired

The server has moved on; the page needs a fresh start.